 Dungeon Crawl Stone Soup version 0.31-a0-940-gdaa99269f9 (webtiles) character file.

Game seed: 12166791244285035711

455 mortress the Changeling (level 6, 0/76 HPs)
             Began as a Draconian Shapeshifter on Oct 20, 2023.
             Was a Priest of Cheibriados.
             Killed by divine providence
             ... invoked by an orc priest
              (11 damage)
             ... on level 4 of the Dungeon.
             The game lasted 00:08:10 (2570 turns).

mortress the Changeling (Draconian Shapeshifter)    Turns: 2570, Time: 00:08:11

Health: 0/76       AC: 23    Str: 26    XL:     6   Next: 76%
Magic:  6/6        EV:  2    Int: 17    God:    Cheibriados [***...]
Gold:   129        SH:  5    Dex: 17    Spells: 5/5 levels left

rFire   . .          .
                       - Unarmed
rCold   . . .        (no shield)
rNeg    . . .        (body armour unavailable)
rPois   +            (helmet currently unavailable)
rElec   .            (cloak currently unavailable)
rCorr   .            (gloves currently unavailable)
SInv    .            (boots currently unavailable)
Will    .....        i - amulet of reflection
Stlth   ++           (no ring)
HPRegen 0.32/turn    (no ring)
MPRegen 0.10/turn

%: reflection
@: tree-form, very slow
A: stationary, stasis, torment immunity, boosted hp, AC +6, unfitting armour,
(cold-blooded)
a: Renounce Religion, Bend Time, Temporal Distortion


You were on level 4 of the Dungeon.
You worshipped Cheibriados.
Cheibriados was most pleased with you.
You were a tree.
You visited 1 branch of the dungeon, and saw 4 of its levels.
You also visited: Sewer.

You collected 129 gold pieces.

Inventory:

Missiles
 j - 13 poisoned darts
 p - 31 stones
 t - 2 throwing nets
 w - 2 boomerangs
Armour
 k - a +0 pair of gloves
Jewellery
 h - an amulet of guardian spirit
 i - an amulet of reflection (around neck)
 o - a +6 ring of intelligence
 u - a +6 ring of intelligence
Talismans
 b - a beast talisman
 c - a flux talisman
 q - a blade talisman
Scrolls
 d - a scroll of teleportation {unknown}
 l - 2 scrolls of identify
 m - a scroll of enchant armour {unknown}
 r - a scroll of blinking
 s - a scroll of fog {unknown}
Potions
 a - a potion of lignification
 e - 3 potions of might {unknown}
 f - 4 potions of curing
 g - a potion of resistance {unknown}
 n - a potion of brilliance {unknown}
 v - a potion of haste {unknown}


   Skills:
 + Level 3.4 Fighting
 + Level 3.3 Dodging
 + Level 4.2 Unarmed Combat
 + Level 1.0 Invocations
 * Level 5.0 Shapeshifting


You had 5 spell levels left.
You didn't know any spells.
Your spell library was empty.

Dungeon Overview and Level Annotations

Branches:
Dungeon (4/15)              Sewer (visited)
 Temple: D:4-7

Altars:
Cheibriados


Innate Abilities, Weirdness & Mutations

You are a tree.
Your roots penetrate the ground, keeping you stationary.
You cannot be teleported.
You are immune to unholy pain and torment.
Your maximum health is greatly increased.
Your equipment is partially melded.
((Your plain brown scales are hard. (AC +6)))
You cannot fit into any form of body armour.
((You are cold-blooded and may be slowed by cold attacks.))


Message History

An orc comes into view. It is wielding a +0 flail.
You barely miss the orc.
The orc priest shouts!
You tail-slap the orc!
You kill the orc!
Cheibriados appreciates the change of pace.
An orc priest comes into view. It is wielding a +0 dagger of venom.
The orc priest begins to cast a cantrip, but forgets the words!
The orc priest shouts!
Things that are here:
a +0 falchion; an orc corpse The orc priest mumbles some strange prayers to Beogh against you.
Beogh smites you!
Okay, then.
Okay, then.
Unknown command.
As you read the scroll labelled SAKHLE QASUNY, it crumbles to dust.
It is a scroll of identify.
f - 4 potions of curing The orc priest looks encouraged for a moment.
Okay, then.
Unknown command.
Unknown command.
Your transformation has ended.
You turn into a tree.
Your roots penetrate the ground.
The orc priest mumbles some strange prayers to Beogh against you.
Beogh smites you!
You barely miss the orc.
The orc priest invokes the aid of Beogh against you.
Beogh smites you!
You smack the orc!
You kill the orc!
Cheibriados appreciates the change of pace.
The orc priest mumbles some strange prayers to Beogh against you.
Beogh smites you!
* * * LOW HITPOINT WARNING * * *
You barely miss the orc priest.
The orc priest invokes the aid of Beogh against you.
Beogh smites you!
You die...

....#........# #..###.
......#.......#####..# ##
...............#....## #
..............†......#
................###..##
..............##.##...###
...............#####...##
.##.......##### #.....
#...)♣..### ##.....
...#.:)oo....### ##...###
.......)!.......##...##
#...................##
..###...............## #
..#...............## #
##.#................###
###........##.........
........###....#....


You could see 2 orc priests.

Vanquished Creatures
  A black bear (D:4)
  2 bullfrogs (Sewer)
  An orc wizard (D:4)
  An iguana (D:4)
  7 adders
  4 worms
  2 dart slugs
  7 orcs
  10 endoplasms
  15 giant cockroaches
  3 goblins
  5 hobgoblins
  2 jackals (D:3)
  5 kobolds
  10 quokkas
  10 ball pythons
  5 bats
  12 frilled lizards
  8 rats
110 creatures vanquished.

Notes
Turn   | Place    | Note
-------+----------+-------------------------------------------
     0 | D:1      | mortress the Draconian Shapeshifter began the quest for the
                  | Orb.
     0 | D:1      | Reached XP level 1. HP: 16/16 MP: 1/1
   132 | D:1      | Reached XP level 2. HP: 23/23 MP: 2/2
   268 | D:1      | Found a faded altar of an unknown god.
   510 | D:2      | Reached XP level 3. HP: 27/29 MP: 3/3
   613 | D:2      | Found a snail-covered altar of Cheibriados.
   638 | D:2      | Identified the +9 hand axe "Usigutti" {heavy, *Noise rElec
                  | rN+ rCorr}
   644 | D:2      | Became a worshipper of Cheibriados the Contemplative
  1129 | D:3      | Reached XP level 4. HP: 30/36 MP: 4/4
  1136 | D:3      | Reached * piety under Cheibriados
  1399 | D:3      | Found a glowing drain.
  1403 | Sewer    | Entered a sewer
  1487 | Sewer    | Reached ** piety under Cheibriados
  1488 | Sewer    | Reached skill level 4 in Shapeshifting
  1590 | Sewer    | Reached XP level 5. HP: 42/42 MP: 5/5
  1684 | Sewer    | Reached XP level 6. HP: 27/51 MP: 6/6
  2127 | D:3      | Reached *** piety under Cheibriados
  2556 | D:4      | Reached skill level 1 in Invocations
  2556 | D:4      | Reached skill level 5 in Shapeshifting
  2570 | D:4      | Killed from afar by an orc priest

Illustrated notes

Levels and vault maps discovered:
D:1:      psy_arrival_statuary, layout_basic,
          hellmonk_ecumenical_altar_leap_of_faith, st_stairs_13
D:2:      layout_basic, basic_altar, minmay_misc_feat_five
D:3:      layout_loops_ring, mainiacjoe_sewer_entry_somewhere_in_here_2
D:4:      layout_layer_cave, minmay_temple_entry_statues_fountains

Skill      XL: |  1  2  3  4  5  6 |
---------------+-------------------+-----
Dodging        | 2 3 |  3.3
Fighting       | 2 3 |  3.4
Shapeshifting  | 4 5 |  5.0
Unarmed Combat | 4 |  4.2
Invocations    | 1 |  1.0

Action                     |  1- 3 |  4- 6 || total
---------------------------+-------+-------++-------
  Melee: Unarmed           |   116 |   181 ||   297
         Tailslap          |    10 |    18 ||    28
         Punch             |     4 |     3 ||     7
    Use: Scroll            |       |     1 ||     1
         Potion            |       |     1 ||     1
   Stab: Sleeping          |       |     2 ||     2
         Distracted        |       |     1 ||     1
 Armour: Skin              |    50 |    74 ||   124
  Dodge: Dodged            |    57 |   116 ||   173
  Block: Other             |     9 |    30 ||    39
         Reflection        |     1 |       ||     1

Table legend: (Time is in decaauts)
 A = Elapsed time spent in this place.
 B = Non-inter-level travel time spent in this place.
 C = Inter-level travel time spent in this place.
 D = Time resting spent in this place.
 E = Time spent auto-exploring this place.
 F = Levels seen in this place.
 G = Mean time per level.
                   A        B        C        D        E       F      G
               +--------+--------+--------+--------+--------+-----+--------+
         Total |   3325 |   3257 |     68 |     37 |   2253 |   5 |  665.0 |
       Dungeon |   2494 |   2426 |     68 |     37 |   1687 |   4 |  623.5 |
         Sewer |    831 |    831 |      0 |      0 |    566 |   1 |  831.0 |
               +--------+--------+--------+--------+--------+-----+--------+

Top non-repeatable levels by time:
     D:3: 950 daAuts
   Sewer: 831 daAuts
     D:2: 721 daAuts
     D:1: 490 daAuts
     D:4: 331 daAuts
